 Dungeon Sprint DCSS version 0.32-a0-39-g5c88369fb2 (webtiles) character file.

Game seed: 11591351128544981697

2994 Conn the Arsonist (level 9, -4/52 HPs)
             Began as an Octopode Fire Elementalist on Feb 4, 2024.
             Was a High Priest of Sif Muna.
             Killed from afar by a deep elf pyromancer (29 damage)
             ... with a bolt of fire
             ... in the Dungeon (Sprint III: "The Ten Rune Challenge").
             The game lasted 00:07:32 (1288 turns).

Conn the Arsonist (Octopode Fire Elementalist)      Turns: 1288, Time: 00:07:32

Health: -4/52      AC:  1    Str:  4    XL:     9   Next: 83%
Magic:  16/22      EV: 17    Int: 20    God:    Sif Muna [*****.]
Gold:   4100       SH:  0    Dex: 17    Spells: 10/26 levels left

rFire   . . .        m - +3 long sword (holy)
rCold   . . .        (no shield)
rNeg    . . .        (helmet restricted)
rPois   .            (no amulet)
rElec   .            (no ring)
rCorr   .            (no ring)
SInv    +            (no ring)
Will    .....        (no ring)
Stlth   ++++         (no ring)
HPRegen 1.08/turn    (no ring)
MPRegen 0.18/turn    (no ring)
                     (no ring)

%: no teleportation
@: no status effects
A: almost no armour, amphibious, 8 rings, camouflage 1, gelatinous body 1,
(nimble swimmer 1), tentacles, antennae 1, see invisible, agile 1, regeneration
1, weak 1
a: Renounce Religion, Channel Magic, Forget Spell, Divine Exegesis


You were in the Dungeon.
You worshipped Sif Muna.
Sif Muna was extremely pleased with you.
You visited 1 branch You collected 4100 gold pieces.

Inventory:

Hand Weapons
 g - a +0 dagger
 m - a +3 long sword of holy wrath (weapon)
Wands
 l - a wand of quicksilver (15)
Scrolls
 f - a scroll of blinking
 i - 2 scrolls of poison
 j - 4 scrolls of identify
Potions
 a - 3 potions of magic
 b - 2 potions of curing
 c - a potion of heal wounds
 d - a potion of haste
 e - a potion of berserk rage
 h - 3 potions of mutation
 k - 3 potions of enlightenment


   Skills:
 - Level 0.8 Fighting
 + Level 8.0 Dodging
 - Level 5.2 Stealth
 + Level 9.2 Spellcasting
 * Level 9.3 Conjurations
 - Level 5.0 Hexes
 + Level 11.2 Fire Magic
 + Level 5.9 Ice Magic
 + Level 5.9 Air Magic
 + Level 6.5 Invocations


You had 10 spell levels left.
You knew the following spells:

 Your Spells              Type           Power      Damage    Failure   Level
a - Foxfire               Conj/Fire      100%       2x1d9     1%          1
b - Scorch                Fire           100%       2d9       1%          2
c - Inner Flame           Hex/Fire       41%        N/A       1%          3
d - Flame Wave            Conj/Fire      50%        2d12      1%          4
e - Hailstorm             Conj/Ice       39%        3d9       1%          3
f - Swiftness             Air            33%        N/A       1%          3

Your spell library contained the following spells:

 Spells                   Type           Power      Damage    Failure   Level
 Freeze                   Ice            100%       1d10      1%          1
 Shock                    Conj/Air       100%       1d9       1%          1
 Ensorcelled Hibernation  Hex/Ice        62%        N/A       1%          2
 Static Discharge         Conj/Air       78%        3-7/arc   1%          2
 Frozen Ramparts          Ice            66%        1d10      1%          3
 Volatile Blastmotes      Fire/Tloc      62%        2d15      2%          3
 Arcjolt                  Conj/Air       19%        1d29      9%          5
 Fugue of the Fallen      Necr           9%         N/A       22%         3
 Passwall                 Erth           9%         N/A       22%         3
 Anguish                  Hex/Necr       9%         N/A       26%         4


Dungeon Overview and Level Annotations

Branches:
Dungeon (1/1)

Altars:
Cheibriados
Dithmenos
Elyvilon
Fedhas
Gozag
Hepliaklqana
Kikubaaqudgha
Makhleb
Nemelex Xobeh
Okawaru
Qazlal
Ru
Sif Muna
Trog
Uskayaw
Vehumet
Wu Jian
Xom
Yredelemnul
Zin
The Shining One
Jiyva
Lugonu

Shops:
D (


Innate Abilities, Weirdness & Mutations

You cannot wear most types of armour.
You are amphibious.
You can wear up to eight rings at the same time.
Your skin changes colour to match your surroundings (Stealth+).
Your rubbery body absorbs attacks. (AC +1, EV +1)
((You are camouflaged when in or above water. (Stealth+)))
You have tentacles for arms and can constrict up to eight enemies at once.
You have a pair of small antennae on your head.
You have supernaturally acute eyesight. (SInv)
You are agile. (Dex +4, Str/Int -1)
Your natural rate of healing is unusually fast.
You are weak. (Str -2)


Message History

i - 2 scrolls of poison Unknown command.
Okay, then.
Unknown command.
Okay, then.
Unknown command.
Unknown command.
Unknown command.
Unknown command.
You open the door.
Casting: Inner Flame (safe; 1% risk of failure)
Confirm with . or Enter, or press ? or * to list all spells.
Casting: Flame Wave (dangerous; 1% risk of failure)
Press: ? - help, Dir - look around, f - activate A wave of flame ripples out!
The flame wave engulfs the deep elf pyromancer.
The deep elf pyromancer is lightly wounded. (Press . to intensify the flame waves.)
The deep elf pyromancer gestures at you while chanting.
The bolt of fire hits you!!
Ouch! That really hurt!
A wave of flame ripples out!
The flame wave engulfs the deep elf pyromancer!
The deep elf pyromancer is heavily wounded.
Unknown command.
A wave of flame ripples out!
The flame wave engulfs the deep elf pyromancer!
The deep elf pyromancer is almost dead.
The flame wave engulfs the deep elf zephyrmancer!
The deep elf zephyrmancer is heavily wounded.
The flame wave engulfs the deep elf zephyrmancer!
The deep elf zephyrmancer is heavily wounded.
The flame wave engulfs the deep elf pyromancer.
The deep elf pyromancer is lightly wounded.
You finish channelling waves of flame.
You hear a shout!
The deep elf pyromancer gestures at you while chanting.
The bolt of fire hits you!!
Ouch! That really hurt!
You die...

▓▓▓▓▓▓▓▓▓▓▓
#####.#..#.##.########
_#__#.)#.#..#..'.#...#
.#)_#.........##.#e..##≈
##'##.)......###.#e..≈≈≈
§...#))).....###@#e..##≈
....#)#...#.#∩.#e'e..#
###'#)#..#####.#######
#..)#'##########
#..)#).~)~'.#
#..)#)#~~~#.#
#...'.#.§.# '...#.#§..#
▓▓▓▓▓▓▓▓▓▓▓


You could see 3 deep elf pyromancers and 2 deep elf zephyrmancers.

Vanquished Creatures
  Josephine (D)
  An orc high priest (D)
  A deep elf pyromancer (D)
  An orc sorcerer (D)
  A shadow (D)
  A spatial vortex (D)
  An orc warrior (D)
  A necrophage (D)
  A water elemental (D)
  A jelly (D)
  2 orc priests (D)
  An arcanist (D)
  Jessica (D)
  2 orc wizards (D)
  A necromancer (D)
  3 humans (D)
  A kobold demonologist (D)
  A phantom (D)
  10 orcs (D)
  A giant cockroach (D)
  3 rats (D)
36 creatures vanquished.

Vanquished Creatures (others)
  71 foxfires (D)
71 creatures vanquished.

Grand Total: 107 creatures vanquished

Notes
Turn   | Place    | Note
-------+----------+-------------------------------------------
     0 | D        | Conn the Octopode Fire Elementalist began the quest for the
                  | Orb.
     0 | D        | Reached XP level 1. HP: 11/11 MP: 3/3
    51 | D        | Noticed Jessica
    58 | D        | Killed Jessica
    59 | D        | Reached skill level 5 in Fire Magic
    59 | D        | Reached XP level 2. HP: 17/17 MP: 0/6
    59 | D        | Reached XP level 3. HP: 21/21 MP: 0/7
    69 | D        | Learned a level 2 spell: Scorch
    73 | D        | Learned a level 3 spell: Inner Flame
   146 | D        | Reached skill level 6 in Fire Magic
   240 | D        | Gained mutation: You have a pair of small antennae on your
                  | head. [potion of mutation]
   240 | D        | Gained mutation: You occasionally lose the ability to read
                  | scrolls when taking damage. [potion of mutation]
   240 | D        | Gained mutation: One of your tentacles bears a spike.
                  | [potion of mutation]
   243 | D        | Lost mutation: You occasionally lose the ability to read
                  | scrolls when taking damage. [potion of mutation]
   243 | D        | Lost mutation: One of your tentacles bears a spike. [potion
                  | of mutation]
   243 | D        | Gained mutation: You are weak. (Str -2) [potion of
                  | mutation]
   243 | D        | Gained mutation: Your natural rate of healing is unusually
                  | fast. [potion of mutation]
   243 | D        | Gained mutation: You have supernaturally acute eyesight.
                  | (SInv) [potion of mutation]
   243 | D        | Gained mutation: You are agile. (Dex +4, Str/Int -1)
                  | [potion of mutation]
   244 | D        | Noticed a water elemental
   248 | D        | Killed a water elemental
   249 | D        | Reached skill level 7 in Fire Magic
   249 | D        | Reached XP level 4. HP: 14/27 MP: 0/10
   339 | D        | Found a radiant altar of Vehumet.
   339 | D        | Found a shimmering blue altar of Sif Muna.
   339 | D        | Found an ancient bone altar of Kikubaaqudgha.
   339 | D        | Noticed an arcanist
   341 | D        | Killed an arcanist
   342 | D        | Reached skill level 5 in Spellcasting
   342 | D        | Reached XP level 5. HP: 31/31 MP: 6/12
   350 | D        | Became a worshipper of Sif Muna the Loreminder
   443 | D        | Reached skill level 8 in Fire Magic
   443 | D        | Noticed a shadow
   446 | D        | Killed a shadow
   447 | D        | Reached skill level 5 in Stealth
   447 | D        | Reached skill level 9 in Fire Magic
   447 | D        | Reached XP level 6. HP: 37/37 MP: 1/16
   548 | D        | Learned a level 4 spell: Flame Wave
   552 | D        | Learned a level 3 spell: Hailstorm
   556 | D        | Learned a level 3 spell: Swiftness
   558 | D        | Found a basalt altar of Yredelemnul.
   558 | D        | Found a shadowy altar of Dithmenos.
   558 | D        | Found a sacrificial altar of Ru.
   562 | D        | Reached * piety under Sif Muna
   563 | D        | Reached skill level 5 in Dodging
   563 | D        | Reached skill level 1 in Hexes
   563 | D        | Reached skill level 1 in Ice Magic
   563 | D        | Reached skill level 1 in Air Magic
   563 | D        | Reached skill level 1 in Invocations
   639 | D        | Found a hide-covered altar of Uskayaw.
   639 | D        | Found an iron altar of Okawaru.
   640 | D        | Found a bloodstained altar of Trog.
   640 | D        | Found an ornate altar of the Wu Jian Council.
   640 | D        | Noticed a human
   641 | D        | Noticed a human
   645 | D        | Killed a human
   646 | D        | Reached XP level 7. HP: 32/42 MP: 12/18
   646 | D        | Killed a human
   646 | D        | Reached ** piety under Sif Muna
   647 | D        | Reached skill level 5 in Conjurations
   699 | D        | Found a glowing silver altar of Zin.
   699 | D        | Found a glowing golden altar of the Shining One.
   699 | D        | Found a white marble altar of Elyvilon.
   699 | D        | Noticed a deep elf pyromancer
   702 | D        | Killed a deep elf pyromancer
   703 | D        | Reached skill level 10 in Fire Magic
   703 | D        | Reached XP level 8. HP: 47/47 MP: 14/20
   734 | D        | Found a blossoming altar of Fedhas.
   734 | D        | Found a stormy altar of Qazlal.
   735 | D        | Found a snail-covered altar of Cheibriados.
   735 | D        | Found a burning altar of Makhleb.
   735 | D        | Found a hazy altar of Hepliaklqana.
   735 | D        | Found a shimmering altar of Xom.
   735 | D        | Found an opulent altar of Gozag.
   735 | D        | Found a sparkling altar of Nemelex Xobeh.
   735 | D        | Found a corrupted altar of Lugonu.
   735 | D        | Found a viscous altar of Jiyva.
   757 | D        | Noticed Josephine
   764 | D        | Killed Josephine
   765 | D        | Reached skill level 5 in Invocations
   765 | D        | Reached XP level 9. HP: 48/52 MP: 9/21
   843 | D        | Noticed an orc sorcerer
   847 | D        | Reached *** piety under Sif Muna
   856 | D        | Reached **** piety under Sif Muna
   857 | D        | Reached skill level 5 in Hexes
   857 | D        | Reached skill level 5 in Ice Magic
   973 | D        | Reached ***** piety under Sif Muna
   975 | D        | Reached skill level 5 in Air Magic
  1032 | D        | Killed an orc sorcerer
  1033 | D        | Reached skill level 11 in Fire Magic
  1076 | D        | Noticed an orc high priest
  1078 | D        | Noticed a rust devil
  1078 | D        | Noticed an orange demon
  1078 | D        | Noticed a sun demon
  1081 | D        | Killed an orc high priest
  1081 | D        | Received a gift from Sif Muna
  1086 | D        | Got Sif Muna's Handbook of Coruscating Austromancy {god
                  | gift}
  1236 | D        | Found Haafef's Antique Weapon Shoppe.
  1279 | D        | Noticed a deep elf pyromancer
  1279 | D        | Noticed a deep elf zephyrmancer
  1279 | D        | Noticed a deep elf pyromancer
  1279 | D        | Noticed a deep elf pyromancer
  1279 | D        | Noticed a deep elf zephyrmancer
  1288 | D        | Killed from afar by a deep elf pyromancer

Illustrated notes

Levels and vault maps discovered:
D:        dungeon_sprint_mu [sprint_mu_entry_cave, sprint_mu_temple_rooms,
          sprint_mu_d1_horrors, sprint_mu_d2_genie, sprint_mu_d3_branching,
          sprint_mu_orc_legion, sprint_mu_elf_gauntlet, sprint_mu_hive_nellie,
          sprint_mu_lair_fedhas, sprint_mu_vaults_butterflies,
          sprint_mu_slime_circle, sprint_mu_shoals_archi,
          sprint_mu_snake_twists, sprint_mu_blade_basic, sprint_mu_crypt_lich,
          sprint_mu_tomb_spiral, sprint_mu_vestibule_basic,
          sprint_mu_gehenna_hellfire, sprint_mu_dis_giant,
          sprint_mu_tartarus_statrot, sprint_mu_cocytus_islands, sprint_mu_zot1]

Skill      XL: |  1  2  3  4  5  6  7  8  9 |
---------------+----------------------------+-----
Stealth        | 3 4 5 |  5.2
Spellcasting   | 3 4 5 7 8 9 |  9.2
Fire Magic     | 5 7 9 10 11 | 11.2
Dodging        | 3 4 5 6 7 8 |  8.0
Conjurations   | 2 4 6 7 9 |  9.3
Hexes          | 2 3 4 5 |  5.0
Ice Magic      | 2 3 4 5 |  5.9
Air Magic      | 2 3 4 5 |  5.9
Invocations    | 2 4 5 6 |  6.5
Fighting       | |  0.8

Action                     |  1- 3 |  4- 6 |  7- 9 || total
---------------------------+-------+-------+-------++-------
  Melee: Tentacles         |     4 |       |     4 ||     8
         Unarmed           |     2 |       |       ||     2
         Dagger            |     6 |       |       ||     6
         Constrict         |     1 |       |     1 ||     2
         Long sword        |       |       |     5 ||     5
   Cast: Foxfire           |     5 |    10 |    27 ||    42
         Scorch            |     8 |     7 |    10 ||    25
         Inner Flame       |       |     4 |     9 ||    13
         Flame Wave        |       |       |     3 ||     3
    Use: Potion            |     2 |       |       ||     2
         Scroll            |       |       |     1 ||     1
   Stab: Sleeping          |     1 |       |       ||     1
 Armour: Skin              |     4 |     4 |     4 ||    12
  Dodge: Dodged            |    10 |     3 |     6 ||    19

Table legend: (Time is in decaauts)
 A = Elapsed time spent in this place.
 B = Non-inter-level travel time spent in this place.
 C = Inter-level travel time spent in this place.
 D = Time resting spent in this place.
 E = Time spent auto-exploring this place.
 F = Levels seen in this place.
 G = Mean time per level.
                   A        B        C        D        E       F      G
               +--------+--------+--------+--------+--------+-----+--------+
         Total |   1289 |   1289 |      0 |    823 |      0 |   1 | 1289.0 |
       Dungeon |   1289 |   1289 |      0 |    823 |      0 |   1 | 1289.0 |
               +--------+--------+--------+--------+--------+-----+--------+

Top non-repeatable levels by time:
       D: 1289 daAuts
